TOP OF THE 1ST |
Wichita State University Shockers batting - Pitching for Ohio State University Buckeyes : RHP Ray Clark
|
Pitching: RHP Ray Clark
|
|
Batting: RHB Kyle Gill
|
0-0: Ground out 5-3 (Groundball, 56, EV 84.4 MPH)
|
Batting: RHB Byron Whitehead
|
0-0: Ball 1-0: Ball 2-0: DOUBLE (Line Drive, 78XD, EV 97.5 MPH)
|
Batting: RHB Lucio Baratta
|
0-0: Fly out, F8 (Flyball, 78XD, EV 92.5 MPH) Runner from 2nd tags up, SAFE at 3rd, no throw by CF
|
Batting: RHB Jeff Grant
|
0-0: Called Strike 0-1: Ball 1-1: Ground out 5-3 (Groundball, 56, EV 81.2 MPH)
|
Top of the 1st over - 0 runs, 1 hit, 0 errors, 1 left on base; Wichita State University 0 - Ohio State University 0 |
BOTTOM OF THE 1ST |
Ohio State University Buckeyes batting - Pitching for Wichita State University Shockers : LHP Joe Seaborn
|
Pitching: LHP Joe Seaborn
|
|
Batting: LHB Anthony Ross
|
0-0: Called Strike 0-1: Swinging Strike 0-2: Ball 1-2: Ground out 4-3 (Groundball, 13, EV 82.5 MPH)
|
Batting: RHB Jacob Carrano
|
0-0: Ball 1-0: Ball 2-0: Swinging Strike 2-1: Ground out 5-3 (Groundball, 5L, EV 88.8 MPH)
|
Batting: RHB Tristan Gimple
|
0-0: Called Strike 0-1: Ball 1-1: Ball 2-1: Ball 3-1: Fly out, F4 (Popup, 4D, EV 48.1 MPH)
|
Bottom of the 1st over - 0 runs, 0 hits, 0 errors, 0 left on base; Wichita State University 0 - Ohio State University 0 |
TOP OF THE 2ND |
Wichita State University Shockers batting - Pitching for Ohio State University Buckeyes : RHP Ray Clark
|
Batting: LHB Kyle Lee
|
0-0: Ball 1-0: Ball 2-0: Called Strike 2-1: Called Strike 2-2: Strikes out looking
|
Batting: RHB Jordan Carr
|
0-0: Ball 1-0: Swinging Strike 1-1: Ball 2-1: Ball 3-1: Called Strike 3-2: Foul Ball, location: 2F 3-2: Foul Ball, location: 2F 3-2: Strikes out swinging
|
Batting: RHB Tony Ortiz
|
0-0: Fly out, F5 (Popup, 5SF, EV 78.8 MPH)
|
Top of the 2nd over - 0 runs, 0 hits, 0 errors, 0 left on base; Wichita State University 0 - Ohio State University 0 |
BOTTOM OF THE 2ND |
Ohio State University Buckeyes batting - Pitching for Wichita State University Shockers : LHP Joe Seaborn
|
Batting: LHB Zach Brandt
|
0-0: Called Strike 0-1: Foul Ball, location: 2F 0-2: Reached on error, E3 (Groundball, 3, EV 106.9 MPH)
|
Batting: RHB Bo Wu
|
0-0: Ball 1-0: SINGLE (Line Drive, 3D, EV 104.4 MPH) Zach Brandt to second
|
Batting: RHB David Guillen
|
0-0: Called Strike 0-1: Swinging Strike 0-2: Strikes out swinging
|
Batting: LHB Adam Simpson
|
0-0: Ball 1-0: Called Strike 1-1: Foul Ball, location: 2F 1-2: Ball 2-2: Fly out, F7 (Line Drive, 7, EV 85.6 MPH)
|
Batting: RHB Bill Daniel
|
0-0: Foul Ball, location: 2F 0-1: Called Strike 0-2: Strikes out swinging
|
Bottom of the 2nd over - 0 runs, 1 hit, 1 error, 2 left on base; Wichita State University 0 - Ohio State University 0 |
TOP OF THE 3RD |
Wichita State University Shockers batting - Pitching for Ohio State University Buckeyes : RHP Ray Clark
|
Batting: LHB Chad Bosarge
|
0-0: Fly out, F9 (Flyball, 89M, EV 93.8 MPH)
|
Batting: RHB Joe Succo
|
0-0: Ball 1-0: Ball 2-0: Called Strike 2-1: Ground out U3 (Groundball, 34, EV 83.8 MPH)
|
Batting: RHB Kyle Gill
|
0-0: Ball 1-0: Ball 2-0: Ball 3-0: Called Strike 3-1: SINGLE (Groundball, 6S, EV 60.0 MPH) (infield hit)
|
Batting: RHB Byron Whitehead
|
0-0: Ball 1-0: Ball 2-0: SINGLE (Groundball, 3D, EV 103.8 MPH) Kyle Gill to second Runner from 2nd tries for 3rd, SAFE, no throw by RF
|
Batting: RHB Lucio Baratta
|
0-0: Called Strike 0-1: Swinging Strike 0-2: Strikes out swinging
|
Top of the 3rd over - 0 runs, 2 hits, 0 errors, 2 left on base; Wichita State University 0 - Ohio State University 0 |
BOTTOM OF THE 3RD |
Ohio State University Buckeyes batting - Pitching for Wichita State University Shockers : LHP Joe Seaborn
|
Batting: LHB John King
|
0-0: Ball 1-0: Ball 2-0: Called Strike 2-1: Foul Ball, location: 2F 2-2: Ground out 5-3 (Groundball, 5, EV 85.0 MPH)
|
Batting: LHB Anthony Ross
|
0-0: Foul Ball, location: 2F 0-1: Ball 1-1: Called Strike 1-2: Ball 2-2: Ground out 1-3 (Groundball, 34S, EV 66.2 MPH)
|
Batting: RHB Jacob Carrano
|
0-0: Ball 1-0: Foul Ball, location: 2F 1-1: Ground out U3 (Groundball, 34S, EV 76.9 MPH)
|
Bottom of the 3rd over - 0 runs, 0 hits, 0 errors, 0 left on base; Wichita State University 0 - Ohio State University 0 |
TOP OF THE 4TH |
Wichita State University Shockers batting - Pitching for Ohio State University Buckeyes : RHP Ray Clark
|
Batting: RHB Jeff Grant
|
0-0: Ball 1-0: Ball 2-0: Ball 3-0: Called Strike 3-1: Ground out 6-3 (Groundball, 56D, EV 108.1 MPH)
|
Batting: LHB Kyle Lee
|
0-0: DOUBLE (Line Drive, 78D, EV 105.6 MPH)
|
Batting: RHB Jordan Carr
|
0-0: Ground out 6-3 (Groundball, 6, EV 108.1 MPH)
|
Batting: RHB Tony Ortiz
|
0-0: Ball 1-0: Called Strike 1-1: Foul Ball, location: 2F 1-2: Ground out 6-3 (Groundball, 6M, EV 100.0 MPH)
|
Top of the 4th over - 0 runs, 1 hit, 0 errors, 1 left on base; Wichita State University 0 - Ohio State University 0 |
BOTTOM OF THE 4TH |
Ohio State University Buckeyes batting - Pitching for Wichita State University Shockers : LHP Joe Seaborn
|
Batting: RHB Tristan Gimple
|
0-0: Called Strike 0-1: Ball 1-1: Foul Ball, location: 2F 1-2: Ball 2-2: Strikes out swinging
|
Batting: LHB Zach Brandt
|
0-0: Ball 1-0: SINGLE (Line Drive, 7LS, EV 93.8 MPH)
|
Batting: RHB Bo Wu
|
0-0: Called Strike 0-1: Ball 1-1: Fly out, F7 (Line Drive, 7S, EV 98.8 MPH)
|
Batting: RHB David Guillen
|
0-0: Called Strike 0-1: Ball 1-1: Foul Ball, location: 2F 1-2: Ball 2-2: Foul Ball, location: 2F 2-2: Foul Ball, location: 2F 2-2: Foul Ball, location: 2F 2-2: Fielders Choice at 2nd, 6-4 (Groundball, 6, EV 78.8 MPH)
|
Bottom of the 4th over - 0 runs, 1 hit, 0 errors, 1 left on base; Wichita State University 0 - Ohio State University 0 |
TOP OF THE 5TH |
Wichita State University Shockers batting - Pitching for Ohio State University Buckeyes : RHP Ray Clark
|
Now at 1B: Masatoshi Mori
|
|
Now at 2B: Marcelo Bardelli
|
|
Now at SS: Alvaro Millan
|
|
Batting: LHB Chad Bosarge
|
0-0: Ball 1-0: Ball 2-0: Called Strike 2-1: Called Strike 2-2: Foul Ball, location: 2F 2-2: Foul Ball, location: 2F 2-2: Ball 3-2: Strikes out swinging
|
Batting: RHB Joe Succo
|
0-0: Ball 1-0: Swinging Strike 1-1: Ball 2-1: Ball 3-1: Called Strike 3-2: Base on Balls
|
Batting: RHB Kyle Gill
|
0-0: Ball 1-0: Called Strike 1-1: Fly out, F8 (Flyball, 8RM, EV 88.1 MPH)
|
Batting: RHB Byron Whitehead
|
0-0: Swinging Strike 0-1: Swinging Strike 0-2: Ball 1-2: Ball 2-2: Ball 3-2: Strikes out looking
|
Top of the 5th over - 0 runs, 0 hits, 0 errors, 1 left on base; Wichita State University 0 - Ohio State University 0 |
BOTTOM OF THE 5TH |
Ohio State University Buckeyes batting - Pitching for Wichita State University Shockers : LHP Joe Seaborn
|
Now at C: Larry Hogue
|
|
Now in LF: Greg Burton
|
|
Batting: LHB Adam Simpson
|
0-0: Ball 1-0: Called Strike 1-1: DOUBLE (Line Drive, 5D, EV 93.8 MPH)
|
Batting: RHB Bill Daniel
|
0-0: Swinging Strike 0-1: Fly out, F9 (Flyball, 9D, EV 93.1 MPH) Runner from 2nd tags up, SAFE at 3rd, no throw by RF
|
Batting: LHB John King
|
0-0: Ball 1-0: Ball 2-0: Foul Ball, location: 2F 2-1: Swinging Strike 2-2: Foul Ball, location: 2F 2-2: Ball 3-2: Foul Ball, location: 2F 3-2: Ground out 4-3 (Groundball, 4M, EV 108.1 MPH) Adam Simpson scores
|
Batting: LHB Anthony Ross
|
0-0: Called Strike 0-1: Ball 1-1: Ball 2-1: Called Strike 2-2: Foul Ball, location: 2F 2-2: Strikes out looking
|
Bottom of the 5th over - 1 run, 1 hit, 0 errors, 0 left on base; Wichita State University 0 - Ohio State University 1 |
TOP OF THE 6TH |
Wichita State University Shockers batting - Pitching for Ohio State University Buckeyes : RHP Ray Clark
|
Pitching: RHP Bob Rowsell
|
|
Now at C: Josh Dinsmore
|
|
Now at 3B: Mike Goodrich
|
|
Batting: LHB Troy Davies
|
0-0: Swinging Strike 0-1: Foul Ball, location: 2F 0-2: Ball 1-2: Ball 2-2: Foul Ball, location: 2F 2-2: Ball 3-2: Fly out, F8 (Flyball, 8LS, EV 87.5 MPH)
|
Pinch Hitting: SHB Peter Faggard
|
0-0: Ball 1-0: Ball 2-0: Ground out 5-3 (Groundball, 56, EV 78.8 MPH)
|
Batting: LHB Kyle Lee
|
0-0: SINGLE (Groundball, 34S, EV 61.9 MPH) (infield hit)
|
Pinch Hitting: RHB Marvin Coffey
|
0-0: Called Strike 0-1: Called Strike 0-2: Fly out, F8 (Flyball, 8LD, EV 101.2 MPH)
|
Top of the 6th over - 0 runs, 1 hit, 0 errors, 1 left on base; Wichita State University 0 - Ohio State University 1 |
BOTTOM OF THE 6TH |
Ohio State University Buckeyes batting - Pitching for Wichita State University Shockers : LHP Joe Seaborn
|
Pitching: LHP Jacob Seymour
|
|
Now at 1B: Marvin Coffey
|
|
Now at 3B: Kyle Lee
|
|
Now at SS: Peter Faggard
|
|
Batting: RHB Masatoshi Mori
|
0-0: Ball 1-0: Called Strike 1-1: Foul Ball, location: 2F 1-2: Ground out 5-3 (Groundball, 5, EV 79.4 MPH)
|
Batting: RHB Marcelo Bardelli
|
0-0: Ball 1-0: Called Strike 1-1: Ball 2-1: Swinging Strike 2-2: Strikes out swinging
|
Pinch Hitting: RHB Joe Costner
|
0-0: Ball 1-0: Foul Ball, location: 2F 1-1: Fly out, F8 (Flyball, 89D, EV 108.8 MPH)
|
Bottom of the 6th over - 0 runs, 0 hits, 0 errors, 0 left on base; Wichita State University 0 - Ohio State University 1 |
TOP OF THE 7TH |
Wichita State University Shockers batting - Pitching for Ohio State University Buckeyes : RHP Bob Rowsell
|
Now in LF: Dan Hummel
|
|
Now in RF: Harry Jerome
|
|
Batting: LHB Greg Burton
|
0-0: Ball 1-0: Foul Ball, location: 2F 1-1: Ball 2-1: Ground out 5-3 (Groundball, 56, EV 86.2 MPH)
|
Pinch Hitting: LHB Carlos Flores
|
0-0: Ball 1-0: Swinging Strike 1-1: SOLO HOME RUN (Line Drive, 9D, EV 98.1 MPH), Distance : 386 ft
|
Batting: RHB Larry Hogue
|
0-0: Called Strike 0-1: Foul Ball, location: 2F 0-2: Strikes out looking
|
Pinch Hitting: RHB Jason Adelstein
|
0-0: Called Strike 0-1: Swinging Strike 0-2: Ball 1-2: DOUBLE (Line Drive, 7LM, EV 97.5 MPH)
|
Pitching: RHP Ben Fekete
|
|
Pinch Hitting: LHB Fletcher Lawton
|
0-0: Called Strike 0-1: Called Strike 0-2: Ground out 4-3 (Groundball, 4MS, EV 73.1 MPH)
|
Top of the 7th over - 1 run, 2 hits, 0 errors, 1 left on base; Wichita State University 1 - Ohio State University 1 |
BOTTOM OF THE 7TH |
Ohio State University Buckeyes batting - Pitching for Wichita State University Shockers : LHP Jacob Seymour
|
Now at 2B: Alex Zeledon
|
|
Now in CF: Jason Adelstein
|
|
Now in RF: Rick McGrath
|
|
Batting: RHB Rodolfo Lrio
|
0-0: Ball 1-0: Ball 2-0: Swinging Strike 2-1: Called Strike 2-2: Fly out, F8 (Line Drive, 8RM, EV 85.0 MPH)
|
Batting: RHB Alvaro Millan
|
0-0: Swinging Strike 0-1: Ground out 6-3 (Groundball, 6, EV 86.9 MPH)
|
Batting: RHB Harry Jerome
|
0-0: Ball 1-0: Ball 2-0: Swinging Strike 2-1: Swinging Strike 2-2: Strikes out swinging
|
Bottom of the 7th over - 0 runs, 0 hits, 0 errors, 0 left on base; Wichita State University 1 - Ohio State University 1 |
TOP OF THE 8TH |
Wichita State University Shockers batting - Pitching for Ohio State University Buckeyes : RHP Ben Fekete
|
Pitching: LHP Alejandro Miranda
|
|
Batting: LHB Troy Davies
|
0-0: Ball 1-0: Called Strike 1-1: Ball 2-1: Foul Ball, location: 2F 2-2: Strikes out swinging
|
Batting: SHB Peter Faggard
|
0-0: Called Strike 0-1: Ball 1-1: Ground out 4-3 (Groundball, 4S, EV 71.9 MPH)
|
Batting: LHB Kyle Lee
|
0-0: Ball 1-0: Ground out 6-3 (Groundball, 6, EV 86.9 MPH)
|
Top of the 8th over - 0 runs, 0 hits, 0 errors, 0 left on base; Wichita State University 1 - Ohio State University 1 |
BOTTOM OF THE 8TH |
Ohio State University Buckeyes batting - Pitching for Wichita State University Shockers : LHP Jacob Seymour
|
Pitching: LHP Éric Duval
|
|
Batting: RHB Josh Dinsmore
|
0-0: Called Strike 0-1: Ball 1-1: Ball 2-1: Ground out 6-3 (Groundball, 6, EV 87.5 MPH)
|
Batting: LHB John King
|
0-0: Ball 1-0: Foul Ball, location: 2F 1-1: Foul Ball, location: 2F 1-2: Foul Ball, location: 2F 1-2: Ball 2-2: Foul Ball, location: 2F 2-2: Ball 3-2: TRIPLE (Flyball, 78XD, EV 101.9 MPH)
|
Batting: RHB Mike Goodrich
|
0-0: Ball 1-0: Ball 2-0: Squeeze Bunt to 13 - play home, runner OUT, batter safe! 1-2
|
Batting: RHB Masatoshi Mori
|
0-0: Swinging Strike 0-1: Ball 1-1: Fly out, F8 (Flyball, 8LD, EV 104.4 MPH)
|
Bottom of the 8th over - 0 runs, 1 hit, 0 errors, 1 left on base; Wichita State University 1 - Ohio State University 1 |
TOP OF THE 9TH |
Wichita State University Shockers batting - Pitching for Ohio State University Buckeyes : LHP Alejandro Miranda
|
Pitching: RHP Javier Puente
|
|
Batting: RHB Marvin Coffey
|
0-0: Ball 1-0: Swinging Strike 1-1: Foul Ball, location: 2F 1-2: Ball 2-2: Foul Ball, location: 2F 2-2: Strikes out swinging
|
Batting: LHB Greg Burton
|
0-0: Called Strike 0-1: Ball 1-1: Ground out 6-3 (Groundball, 6M, EV 99.4 MPH)
|
Batting: RHB Alex Zeledon
|
0-0: Called Strike 0-1: Swinging Strike 0-2: Strikes out swinging
|
Top of the 9th over - 0 runs, 0 hits, 0 errors, 0 left on base; Wichita State University 1 - Ohio State University 1 |
BOTTOM OF THE 9TH |
Ohio State University Buckeyes batting - Pitching for Wichita State University Shockers : LHP Éric Duval
|
Pitching: LHP Blake Gans
|
|
Batting: RHB Marcelo Bardelli
|
0-0: Ground out 5-3 (Groundball, 56S, EV 68.1 MPH)
|
Pinch Hitting: RHB Mike Tarantino
|
0-0: Ball 1-0: Swinging Strike 1-1: DOUBLE (Line Drive, 9LS, EV 101.9 MPH)
|
Batting: RHB Rodolfo Lrio
|
0-0: Intentional Walk
|
Pinch Hitting: LHB Ben Callaway
|
0-0: Called Strike 0-1: Grounds into double play, 3-6-3 (Groundball, 34, EV 84.4 MPH)
|
Bottom of the 9th over - 0 runs, 1 hit, 0 errors, 1 left on base; Wichita State University 1 - Ohio State University 1 |
TOP OF THE 10TH |
Wichita State University Shockers batting - Pitching for Ohio State University Buckeyes : RHP Javier Puente
|
Pitching: RHP Andy Hollis
|
|
Now at SS: Mike Tarantino
|
|
Now in LF: Ben Callaway
|
|
Pinch Hitting: SHB Mike Chafe
|
0-0: Called Strike 0-1: Called Strike 0-2: Ball 1-2: Foul Ball, location: 2F 1-2: Fly out, F8 (Flyball, 89S, EV 91.2 MPH)
|
Batting: RHB Jason Adelstein
|
0-0: Foul Ball, location: 2F 0-1: Ball 1-1: Ball 2-1: Foul Ball, location: 2F 2-2: SOLO HOME RUN (Flyball, 9D, EV 99.4 MPH), Distance : 378 ft
|
Batting: RHB Rick McGrath
|
0-0: Ball 1-0: Ball 2-0: Foul Ball, location: 2F 2-1: Ball 3-1: Fly out, F8 (Flyball, 8RD, EV 90.0 MPH)
|
Batting: RHB Dane Kelly
|
0-0: Ball 1-0: Fly out, F9 (Flyball, 9D, EV 103.1 MPH)
|
Top of the 10th over - 1 run, 1 hit, 0 errors, 0 left on base; Wichita State University 2 - Ohio State University 1 |
BOTTOM OF THE 10TH |
Ohio State University Buckeyes batting - Pitching for Wichita State University Shockers : LHP Blake Gans
|
Pitching: LHP Rusty Estes
|
|
Now at C: Mike Chafe
|
|
Batting: RHB Harry Jerome
|
0-0: Swinging Strike 0-1: Ball 1-1: Ball 2-1: Fly out, F8 (Flyball, 8RM, EV 86.9 MPH)
|
Batting: RHB Josh Dinsmore
|
0-0: Swinging Strike 0-1: Ball 1-1: Ball 2-1: Ground out 1-3 (Groundball, 13, EV 66.2 MPH)
|
Batting: LHB John King
|
0-0: Ball 1-0: SINGLE (Flyball, 7LS, EV 92.5 MPH)
|
Pinch Hitting: RHB Kyle Collins
|
0-0: Ball 1-0: Ground out 6-3 (Groundball, 56S, EV 86.9 MPH)
|
Bottom of the 10th over - 0 runs, 1 hit, 0 errors, 1 left on base; Wichita State University 2 - Ohio State University 1 |
|